 Dungeon Crawl Stone Soup version 0.28.0-45-g0d030f2227 (webtiles) character file.

Game seed: 17685634060718591314

63 raph the Ruffian (level 3, -12/36 HPs)
             Began as a Troll Berserker on May 28, 2022.
             Was a Believer of Trog.
             Mangled by a gnoll
             ... wielding a +0 halberd
              (14 damage)
             ... on level 4 of the Dungeon.
             The game lasted 00:02:19 (2679 turns).

raph the Ruffian (Troll Berserker)                  Turns: 2679, Time: 00:02:20

Health: -12/36     AC:  6    Str: 25    XL:     3   Next: 89%
Magic:  2/2        EV:  5    Int:  3    God:    Trog [**....]
Gold:   120        SH:  0    Dex: 11    Spells: 2/2 levels left

rFire   . . .      SeeInvis .     - Unarmed
rCold   . . .      Faith    .   (no shield)
rNeg    . . .      Spirit   .   a - +0 animal skin
rPois   .          Reflect  .   (helmet restricted)
rElec   .          Harm     .   f - +1 cloak
rCorr   .          Rampage  .   (gloves unavailable)
Will    .....                   (boots unavailable)
Stlth   +.........              (no amulet)
HPRegen 0.92/turn               (no ring)
MPRegen 0.08/turn               (no ring)

@: on berserk cooldown, held, slowed, very slow
A: large, unfitting armour, claws 3, regeneration 1, shaggy fur 1, tough skin 1
a: Renounce Religion, Berserk, Trog's Hand


You were on level 4 of the Dungeon.
You worshipped Trog.
Trog was pleased with you.
You visited 1 branch of the dungeon, and saw 4 of its levels.

You collected 120 gold pieces.

Inventory:

Armour
 a - a +0 animal skin (worn)
 d - a +0 cloak
 f - a +1 cloak (worn)
Jewellery
 j - a ring of protection from fire
Scrolls
 c - a scroll of teleportation
 h - 2 scrolls of enchant weapon
 k - 3 scrolls of identify {unknown}
 l - a scroll of enchant armour {unknown}
Potions
 b - a potion of degeneration {unknown}
 e - 6 potions of heal wounds {unknown}
 g - a potion of mutation {unknown}
 i - a potion of cancellation {unknown}


   Skills:
 + Level 2.9 Fighting
 + Level 2.9 Dodging
 * Level 4.0 Unarmed Combat


You had 2 spell levels left.
You didn't know any spells.
Your spell library was empty.

Dungeon Overview and Level Annotations

Branches:
Dungeon (4/15)
 Temple: D:4-7

Altars:
Cheibriados
Dithmenos
Zin


Innate Abilities, Weirdness & Mutations

You are too large for most types of armour.
You have claws for hands.
Your natural rate of healing is unusually fast.
You are covered in fur. (AC +1)
You have tough skin. (AC +1)


Message History

You completely miss the gnoll. You closely miss the gnoll.
The gnoll throws a throwing net.
The throwing net hits you.
You become entangled in the net!
The gnoll barely misses you.
You are held in a net!
You are held in a net!
You are held in a net!
You are held in a net!
You are held in a net!
You are held in a net!
You are held in a net!
You struggle against the net.
You struggle against the net.
You feel a strong urge to attack something.
You are no longer berserk.
You are exhausted.
You feel yourself slow down. The gnoll barely misses you.
You struggle against the net.
The gnoll hits you with a +0 halberd. The gnoll closely misses you.
The gnoll hits you but does no damage.
You struggle against the net.
The gnoll hits you with a +0 halberd! The gnoll hits you with a +0 club.
The gnoll hits you with a +0 whip. The gnoll hits you but does no damage.
The gnoll closely misses you.
You shred the net and break free! The gnoll closely misses you.
The gnoll barely misses you. The gnoll hits you with a +0 club.
The gnoll hits you with a +0 whip.
The gnoll hits you from afar with a +0 halberd.
The gnoll throws a throwing net.
The throwing net barely misses you.
The gnoll throws a throwing net.
The throwing net hits you.
You become entangled in the net!
Things that are here:
a throwing net; a throwing net You struggle against the net.
The gnoll barely misses you. The gnoll hits you with a +0 club.
The gnoll hits you from afar with a +0 halberd!
* * * LOW HITPOINT WARNING * * *
The gnoll hits you but does no damage.
You tear a large gash into the net.
The gnoll hits you with a +0 club.
* * * LOW HITPOINT WARNING * * *
The gnoll hits you from afar with a +0 halberd!
You die...

.... .....# .#
...... ..... ..#
......##.... ##.#
....#....... ...##
....#......#......
........##.#......
.#.......#g.......
.......<#?g.......
.).......@g.......
.......†#.........
#....#.###........
#...##. ##.#.....
#... ## ......#
#.. ...#... ##
...#... ...


You could see 3 gnolls.

Vanquished Creatures
  An adder (D:2)
  10 ball pythons
  4 bats
  6 endoplasms
  A giant cockroach (D:2)
  6 goblins
  5 hobgoblins
  A quokka (D:1)
  8 frilled lizards
  4 kobolds
  3 rats
49 creatures vanquished.

Notes
Turn   | Place    | Note
-------+----------+-------------------------------------------
     0 | D:1      | raph the Troll Berserker began the quest for the Orb.
     0 | D:1      | Reached XP level 1. HP: 22/22 MP: 0/0
   215 | D:1      | Reached XP level 2. HP: 28/29 MP: 1/1
   575 | D:1      | Found a faded altar of an unknown god.
  1094 | D:2      | Reached XP level 3. HP: 36/36 MP: 2/2
  1455 | D:2      | Reached ** piety under Trog
  1844 | D:3      | Reached skill level 4 in Unarmed Combat
  1956 | D:3      | Found a snail-covered altar of Cheibriados.
  1962 | D:3      | Found a glowing silver altar of Zin.
  2068 | D:3      | Found a shadowy altar of Dithmenos.
  2679 | D:4      | Mangled by a gnoll

Illustrated notes

Levels and vault maps discovered:
D:1:      minmay_arrival_stair_chambers, layout_basic,
          ebering_ecumenical_altar_hall
D:2:      layout_basic, minmay_ruptured
D:3:      layout_basic, lemuel_doored_altar, mainiacjoe_overflow_catwalk_spiral
D:4:      layout_cave_pools, vehumet_altar_wand_db, minmay_temple_entry_arrows

Skill      XL: |  1  2  3 |
---------------+----------+-----
Unarmed Combat | 4 |  4.0
Fighting       | |  2.9
Dodging        | |  2.9

Action                   || total
-------------------------++-------
Melee: Unarmed           ||   112
       Punch             ||     1
Invok: Berserk           ||     2
  Use: Scroll            ||     3
Armor: Animal skin       ||    39
Dodge: Dodged            ||    52
